Map: Dusk Towers

Players

Miszu - Winner!

  • Race: Terran Terran
  • League: Master

IIIIIIIIIIII (TeebuL)

  • Race: Protoss Protoss
  • League: Master

VOD

Have the link to the VOD?

Description

Time

  • Played on: Feb. 6, 2016, 4:11 p.m.
  • Length: 9:01
Show
View Real Time Build Order
Export as new Build Order

Miszu Terran - Winner!

Build Orders: Hellion Opening, Mech 

Get SALT Encoding   

  12  0:01  SCV  
  13  0:13  SCV  
  14  0:18  Supply Depot  
  14  0:25  SCV  
  15  0:39  SCV  
  15  0:42  Barracks  
  16  0:44  Refinery  
  16  0:51  SCV  
  17  1:04  SCV  
  18  1:17  SCV  
  19  1:29  Orbital Command  
  19  1:30  Marine  
  20  1:41  Command Center  
  20  1:54  Factory  
  20  1:58  SCV  
  21  2:03  Barracks Reactor  
  21  2:10  SCV  
  22  2:22  SCV  
  23  2:25  Supply Depot  
  23  2:42  Factory  
  23  2:47  Hellion x2, SCV  
  28  2:58  Orbital Command  
  28  2:59  SCV  
  29  3:08  Hellion x2  
  29  3:09  Barracks Reactor  
  29  3:11  SCV  
  34  3:23  SCV x2  
  36  3:30  Hellion x2  
  40  3:35  SCV x2  
  40  3:38  Supply Depot  
  42  3:45  Factory  
  42  3:47  SCV x2  
  44  3:51  Hellion  
  46  3:59  Widow Mine  
  46  4:00  Hellion x2, SCV x2  
  52  4:12  SCV x2  
  50  4:17  Hellion  
  50  4:21  Hellion  
  50  4:32  SCV x2  
  50  4:33  Hellion x2  
  50  4:34  Factory Tech Lab  
  50  4:37  Armory  
  54  4:40  Supply Depot  
  54  4:54  Command Center  
  54  5:01  Supply Depot, SCV  
  54  5:02  Hellion x3, SCV  
  54  5:03  Supply Depot  
  62  5:23  Hellion x3, SCV x2  
  62  5:24  Supply Depot  
  62  5:26  Supply Depot  
  70  5:30  Hellion x2, Drilling Claws  
  70  5:35  Refinery x2, SCV x2  
  76  5:36  Refinery  
  76  5:44  Hellion  
  76  5:46  Hellion  
  76  5:47  SCV x2  
  82  5:51  Hellion x2  
  82  5:52  Supply Depot  
  82  5:53  Supply Depot  
  86  5:59  SCV x2  
  86  6:00  Starport  
  88  6:08  Hellion x2  
  88  6:11  SCV x2  
  94  6:20  Widow Mine  
  94  6:21  Widow Mine x2  
  94  6:23  SCV x2  
  94  6:24  Orbital Command  
  102  6:26  Refinery  
  102  6:27  Refinery  
  102  6:29  Hellion, Terran Vehicle Weapons Level 1  
  104  6:35  SCV  
  104  6:37  Medivac  
  104  6:39  SCV  
  108  6:40  Barracks Reactor  
  108  6:47  SCV  
  108  6:51  Siege Tank, SCV  
  108  6:52  Hellion x2  
  117  6:58  SCV  
  117  6:59  SCV  
  119  7:03  Hellion, SCV  
  119  7:04  Engineering Bay  
  119  7:07  Medivac  
  124  7:13  SCV  
  125  7:22  Factory  
  125  7:23  Factory  
  125  7:27  Supply Depot x2  
  125  7:28  Supply Depot  
  125  7:32  Missile Turret  
  125  7:33  Missile Turret  
  125  7:36  Missile Turret  
  125  7:48  Hellion, Siege Tank, SCV  
  125  7:49  Hellion  
  133  8:09  Widow Mine  
  133  8:10  Factory Tech Lab x2  
  135  8:15  Hellion x3  
  141  8:21  Hellion  
  139  8:35  Hellion x2  
Show
View Real Time Build Order
Export as new Build Order

IIIIIIIIIIII Protoss 

Build Orders: 1 Gate Expand 

Get SALT Encoding   

  12  0:01  Probe (Chrono Boost)  
  13  0:11  Probe (Chrono Boost)  
  14  0:17  Pylon  
  14  0:22  Probe (Chrono Boost)  
  15  0:36  Gateway, Probe (Chrono Boost)  
  16  0:43  Assimilator  
  16  0:46  Probe (Chrono Boost)  
  18  0:57  Probe (Chrono Boost)  
  18  1:07  Probe (Chrono Boost)  
  19  1:20  Nexus  
  19  1:22  Probe (Chrono Boost)  
  20  1:33  Probe (Chrono Boost)  
  20  1:36  Cybernetics Core  
  21  1:42  Assimilator  
  21  1:44  Probe (Chrono Boost)  
  22  1:55  Pylon  
  22  1:57  Probe (Chrono Boost)  
  23  2:13  Mothership Core (Chrono Boost)  
  23  2:14  Adept  
  27  2:17  Warp Gate  
  27  2:32  Probe x2 (Chrono Boost)  
  29  2:42  Probe x2 (Chrono Boost)  
  31  2:47  Robotics Facility  
  31  2:53  Probe x2 (Chrono Boost)  
  33  3:03  Probe (Chrono Boost)  
  33  3:04  Probe (Chrono Boost)  
  35  3:13  Pylon  
  35  3:14  Probe x2 (Chrono Boost)  
  37  3:24  Probe (Chrono Boost)  
  37  3:25  Probe (Chrono Boost)  
  39  3:29  Twilight Council  
  39  3:33  Probe (Chrono Boost)  
  39  3:34  Observer (Chrono Boost)  
  40  3:35  Probe  
  40  3:39  Gateway  
  40  3:40  Gateway  
  42  3:43  Probe  
  42  3:48  Probe  
  44  3:53  Observer (Chrono Boost)  
  45  3:56  Probe  
  38  4:15  Probe  
  38  4:16  Probe  
  34  4:24  Pylon  
  34  4:27  Stalker  
  32  4:33  Probe (Chrono Boost)  
  32  4:34  Probe (Chrono Boost)  
  32  4:36  Nexus  
  33  4:45  Blink (Chrono Boost)  
  33  4:46  Observer  
  33  4:47  Probe (Chrono Boost)  
  35  4:55  Probe (Chrono Boost)  
  35  4:59  Probe (Chrono Boost)  
  37  5:06  Probe (Chrono Boost)  
  38  5:10  Stalker x3  
  38  5:12  Probe (Chrono Boost)  
  45  5:16  Probe (Chrono Boost)  
  46  5:23  Probe (Chrono Boost)  
  46  5:26  Probe (Chrono Boost)  
  48  5:33  Probe (Chrono Boost)  
  49  5:35  Probe  
  49  5:41  Pylon, Stalker x3  
  56  5:43  Pylon  
  56  5:45  Probe (Chrono Boost)  
  56  5:48  Probe (Chrono Boost)  
  58  5:52  Dark Shrine  
  58  6:02  Probe (Chrono Boost)  
  59  6:04  Sentry  
  59  6:07  Probe (Chrono Boost)  
  59  6:09  Assimilator  
  59  6:10  Assimilator  
  59  6:11  Pylon  
  62  6:13  Probe (Chrono Boost)  
  63  6:22  Pylon  
  63  6:27  Probe (Chrono Boost)  
  63  6:29  Probe (Chrono Boost)  
  65  6:34  Probe (Chrono Boost)  
  65  6:38  Probe (Chrono Boost)  
  65  6:39  Probe (Chrono Boost)  
  67  6:41  Warp Prism (Chrono Boost)  
  67  6:44  Probe  
  71  6:48  Stalker x3  
  71  6:49  Probe  
  71  6:51  Probe  
  79  6:55  Probe  
  80  7:01  Probe  
  80  7:02  Probe  
  80  7:05  Forge  
  80  7:06  Probe  
  83  7:12  Stalker x2  
  83  7:13  Probe x2 (Chrono Boost)  
  89  7:19  Probe (Chrono Boost)  
  90  7:25  Probe (Chrono Boost)  
  90  7:28  Gateway  
  90  7:29  Pylon  
  91  7:36  Sentry, Stalker x2  
  97  7:40  Probe x3 (Chrono Boost)  
  97  7:43  Assimilator  
  100  7:44  Pylon, Assimilator  
  100  7:50  Probe (Chrono Boost)  
  100  7:51  Probe x2 (Chrono Boost)  
  103  7:53  Gateway  
  93  8:04  Probe (Chrono Boost)  
  93  8:05  Sentry x3  
  91  8:08  Photon Cannon  
  91  8:10  Photon Cannon  
  89  8:13  Probe (Chrono Boost)  
  89  8:14  Probe (Chrono Boost)  
  89  8:15  Probe (Chrono Boost)  
Tags
 
Add a new tag
Caveats
  • Supply blocks, unpowered buildings, or Contaminate may cause inaccurate times.
  • Supply counts are checked every 10 seconds.